 Dungeon Crawl Stone Soup version 0.26-a0-660-gc07710193c (webtiles) character file.

Game seed: 2562921404496508027

267131 heikuro the Impaler (level 20, -4/128 HPs)
             Began as a Formicid Abyssal Knight on Oct 6, 2020.
             Was an Elder of Lugonu.
             Killed from afar by a starcursed mass (10 damage)
             ... with an accursed screaming
             ... on level 1 of the Abyss on Oct 7, 2020.
             The game lasted 02:38:46 (59730 turns).

heikuro the Impaler (Formicid Abyssal Knight)      Turns: 59730, Time: 02:38:47

Health: -4/128     AC: 32    Str: 27    XL:     20   Next: 95%
Magic:  26/31      EV:  8    Int: 21    God:    Lugonu [****..]
Gold:   1306       SH: 25    Dex: 21    Spells: 19/19 levels left

rFire    . . .     SeeInvis +   a - +5 glaive (flame)
rCold    . . .     Faith    .   D - +0 tower shield
rNeg     + + .     Spirit   .   d - +3 plate armour {MR+}
rPois    +         Reflect  +   (helmet unavailable)
rElec    .         Harm     .   e - +0 cloak
rCorr    .         Rampage  .   X - +2 pair of gloves "Damnable Contraption" {rN+ MR+ Int+5 Dex+4}
MR       ++++.                  r - +2 pair of boots of Negligence {Int+3 Dex+5}
Stlth    ..........             F - amulet of reflection
HPRegen  0.31/turn              y - ring of poison resistance
MPRegen  0.22/turn              Z - ring "Muujygak" {+Fly rN+ AC+4}

@: no status effects
A: permanent stasis, dig shafts and tunnels, four strong arms, antennae 3, agile
1, clever 1, [deterioration 2], [frail 2]
}: 2/15 runes: serpentine, barnacled
a: Dig, Shaft Self, Depart the Abyss, Bend Space, Banish, Corrupt, Renounce
Religion, Evoke Flight


You were on level 1 of the Abyss.
You worshipped Lugonu.
Lugonu was greatly pleased with you.
You visited 8 branches of the dungeon, and saw 34 of its levels.
You visited the Abyss 3 times.
You also visited: Ossuary, Bailey, Gauntlet and Desolation.

You collected 4068 gold pieces.
You spent 2762 gold pieces at shops.

Inventory:

Hand Weapons
 a - a +5 glaive of flaming (weapon)
 b - a +1 fustibalus of flaming
 G - a +2 demon trident of distortion
Missiles
 f - 11 curare-tipped darts (quivered)
 l - 248 sling bullets
 E - 13 throwing nets
Armour
 d - a +3 plate armour of magic resistance (worn)
 e - a +0 cloak (worn)
 r - the +2 pair of boots of Negligence (worn) {Int+3 Dex+5}
   (You found it on level 2 of the Shoals)

   It affects your intelligence (+3).
   It affects your dexterity (+5).
 z - the +10 plate armour of the Desolation of Salt {+Blink Str-4 SInv Stlth-}
   (You bought it in a shop on level 2 of the Orcish Mines)

   It affects your strength (-4).
   It lets you see invisible.
   It lets you blink.
   It makes you less stealthy.
 D - a +0 tower shield (worn)
 X - the +2 pair of gloves "Damnable Contraption" (worn) {rN+ MR+ Int+5 Dex+4}
   (You found it on level 14 of the Dungeon)

   It affects your intelligence (+5).
   It affects your dexterity (+4).
   It protects you from negative energy.
   It affects your resistance to hostile enchantments.
Jewellery
 h - an uncursed ring of protection from fire
 w - an uncursed ring of resist corrosion
 y - a ring of poison resistance (left hand)
 C - an uncursed ring of positive energy
 F - an amulet of reflection (around neck)
 I - the amulet "Tautheo" {Acrobat MP+9 Int+3 Slay+2}
   (You bought it in a shop on level 3 of the Shoals)

   [amulet of the acrobat]

   It helps you evade while moving and waiting.
   It affects your intelligence (+3).
   It affects your accuracy and damage with ranged weapons and melee attacks
   (+2).
   It affects your magic capacity (+9).
 M - the amulet "Ojolostre" {Spirit MR+ Int-5 Dex+4 Stlth+}
   (You found it in a Gauntlet)

   [amulet of guardian spirit]

   It causes incoming damage to be split between your health and magic.
   It affects your intelligence (-5).
   It affects your dexterity (+4).
   It affects your resistance to hostile enchantments.
   It makes you more stealthy.
 P - a +6 ring of dexterity
 Z - the ring "Muujygak" (right hand) {+Fly rN+ AC+4}
   (You found it in a Gauntlet)

   [ring of protection]

   It affects your AC (+4).
   It protects you from negative energy.
   It lets you fly.
Wands
 g - a wand of enslavement (24)
 s - a wand of paralysis (25)
 x - a wand of digging (10)
 A - a wand of flame (115)
 H - a wand of disintegration (27)
 J - a wand of iceblast (27)
 L - a wand of acid (32)
 U - a wand of polymorph (14)
Scrolls
 c - 3 scrolls of enchant armour
 k - 8 scrolls of fog
 n - 14 scrolls of remove curse
 t - 17 scrolls of identify
 B - 6 scrolls of enchant weapon
 N - 2 scrolls of summoning
 Q - a scroll of fear
 T - 6 scrolls of magic mapping
 Y - a scroll of brand weapon
Potions
 i - 3 potions of might
 j - 12 potions of stabbing
 m - 3 potions of cancellation
 q - 10 potions of curing
 u - 2 potions of ambrosia
 v - 2 potions of resistance
 K - 2 potions of heal wounds
 R - a potion of lignification
 S - 7 potions of flight
 V - 2 potions of magic
Miscellaneous
 p - a lightning rod (4/4)
 O - a phantom mirror
 W - a box of beasts (inert)


   Skills:
 + Level 14.9 Fighting
 * Level 18.4 Polearms
 - Level 14.0 Slings
 + Level 14.9 Armour
 - Level 1.0 Dodging
 + Level 11.7 Shields
 + Level 15.9 Invocations
 + Level 11.6 Evocations


You had 19 spell levels left.
You didn't know any spells.
Your spell library contained the following spells:

 Spells                   Type           Power        Failure   Level
 Animate Skeleton         Necr           #.....       93%         1
 Apportation              Tloc           #.....       93%         1
 Corona                   Hex            #......      93%         1
 Foxfire                  Conj/Fire      #...         93%         1
 Magic Dart               Conj           #...         93%         1
 Pain                     Necr           #...         93%         1
 Summon Small Mammal      Summ           #...         93%         1
 Ensorcelled Hibernation  Hex/Ice        #.....       98%         2
 Searing Ray              Conj           #.....       98%         2
 Confusing Touch          Hex            #.......     100%        3
 Conjure Flame            Conj/Fire      #.......     100%        3
 Dazzling Flash           Conj/Hex       #.....       100%        3
 Inner Flame              Hex/Fire       #.......     100%        3
 Lesser Beckoning         Tloc           #.........   100%        3
 Tukima's Dance           Hex            #.......     100%        3
 Vampiric Draining        Necr           #.........   100%        3
 Animate Dead             Necr           #.........   100%        4
 Fulminant Prism          Conj/Hex       #.........   100%        4
 Iskenderun's Mystic Bla  Conj/Tloc      #.......     100%        4
 Sticky Flame             Conj/Fire      #.......     100%        4
 Agony                    Necr           #.......     100%        5
 Alistair's Intoxication  Tmut/Pois      #........    100%        5
 Bolt of Magma            Conj/Fire/Erth #.........   100%        5
 Fireball                 Conj/Fire      #.........   100%        5
 Iskenderun's Battlesphe  Conj           #.......     100%        5
 Summon Demon             Summ           #.........   100%        5
 Summon Forest            Summ/Tloc      #.........   100%        5
 Summon Mana Viper        Hex/Summ       #.......     100%        5
 Invisibility             Hex            #.......     100%        6
 Iron Shot                Conj/Erth      #.........   100%        6
 Shadow Creatures         Summ           N/A          100%        6
 Orb of Destruction       Conj           #.........   100%        7
 Spellforged Servitor     Conj/Summ      #.........   100%        7
 Summon Hydra             Summ           #.........   100%        7


Dungeon Overview and Level Annotations

Branches:
Dungeon (15/15)            Temple (1/1) D:7            Lair (6/6) D:11
 Shoals (4/4) Lair:2        Snake (4/4) Lair:4        Slime (0/5) Lair:5
    Orc (2/2) D:9             Elf (1/3) Orc:2        Vaults (0/5) D:14
 Depths (1/5) D:15        Ossuary (visited)          Bailey (visited)
Desolation (visited)      Gauntlet (visited)

Altars:
Ashenzari
Cheibriados
Dithmenos
Elyvilon
Fedhas
Gozag
Hepliaklqana
Kikubaaqudgha
Makhleb
Nemelex Xobeh
Okawaru
Qazlal
Ru
Sif Muna
Trog
Uskayaw
Vehumet
Wu Jian
Xom
Yredelemnul
Zin
The Shining One
Jiyva

Shops:
D:5 }   D:11 *   Orc:2 (:[*   Shoals:1 [   Shoals:2 [   Shoals:3 =**

Portals:
Hell: Depths:1

Annotations:
Lair:6 2 exclusions
Shoals:1 1 runed translucent door, Zipteul's ghost, adept NaBe
Shoals:3 4 runed translucent doors, exclusion: obsidian statue, Woutahasch's ghost, journeyman HOFi


Innate Abilities, Weirdness & Mutations

You cannot be hasted, slowed, berserked, paralysed or teleported.
You can dig through walls and to a lower floor.
Your four strong arms can wield two-handed weapons with a shield.
You have a pair of large antennae on your head. (SInv)
You are agile. (Dex +2)
Your mind is acute. (Int +2)
[Your body often deteriorates upon taking damage.]
[You are very frail. (-20% HP)]


Message History

You chop the starcursed mass into pieces!!!
You burn the starcursed mass!!
The starcursed mass is severely damaged.
You block the starcursed mass's attack.
You slice the starcursed mass!! You burn the starcursed mass.
The starcursed mass is almost destroyed.
A starcursed mass splits.
You slice the starcursed mass!! You burn the starcursed mass.
You destroy the starcursed mass!
You start resting.
A starcursed mass is nearby!
You completely miss the starcursed mass.
The starcursed mass is almost destroyed.
A starcursed mass splits.
A chorus of shrieks assaults your mind.
* * * LOW HITPOINT WARNING * * *
Unknown command.
Space bends around you!
You blink.
A chorus of shrieks assaults your mind.
You die...

#..
...##....*......
#...#### .#...
.. . ##.#...#ยง#
...*.. ..
..#...#X###. ...
.. .. ##.. . #X#
#.. . .. #..
#..#... # .
...... .
.#..#.#.... # ..
.#. X. #.
##..##.# . ..
.... .
#.@...##.... . .
#.....##..#....
.... . .#....
#........ .. ..
#..# ..#... ...
... .. .# .....
..# . . .# . ..
.. # #


You could see 2 starcursed masses.

Vanquished Creatures
  Mara (Snake:2)
  Rupert (Orc:2)
  A tentacled starspawn (Abyss:2)
  Kirke (Shoals:2)
  Polyphemus (Shoals:2)
  Ilsuiw (Shoals:2)
  5 nagarajas
  An orc warlord (Orc:2)
  A stone giant (D:15)
  Nessos (Lair:4)
  A minotaur (Gauntlet)
  5 merfolk javelineers
  An ettin (D:15)
  A green death (Gauntlet)
  9 merfolk impalers
  11 hydras
  An ice dragon (D:14)
  A peacekeeper (Desolation)
  3 boulder beetles
  A servant of whispers (Desolation)
  A merfolk avatar (Shoals:4)
  24 naga warriors
  The ghost of mobtown the Lord of Darkness, a journeyman DENe of Kikubaaqudgha (Snake:1)
  4 catoblepae
  6 merfolk aquamancers
  An alligator (Snake:1)
  5 two-headed ogres
  15 anacondas
  2 centaur warriors
  8 death yaks
  A dancing weapon (Snake:1)
  2 alligator snapping turtles (Shoals:4)
  A satyr (Shoals:3)
  3 ogre magi
  A deep troll shaman (D:15)
  6 shock serpents
  An orc high priest (Orc:2)
  12 naga sharpshooters
  A deep elf knight (Elf:1)
  Sonja (Lair:4)
  2 wretched stars
  9 sea snakes
  6 hell knights (D:11)
  3 salamander mystics
  5 unseen horrors
  A deep troll (D:15)
  2 large abominations
  8 naga ritualists
  A starcursed mass (Abyss:1)
  A deep elf archer (Elf:1)
  An ironbrand convoker (Desolation)
  A necromancer (D:11)
  6 orc knights
  20 fauns
  6 deep elf magi
  29 harpies
  10 mana vipers
  5 orc sorcerers
  14 ugly things
  A shining eye (shapeshifter) (D:9)
  14 salamanders
  6 cyclopes
  Maurice (D:13)
  17 manticores
  29 naga magi
  A worldbinder (Abyss:2)
  28 black mambas
  12 merfolk sirens
  12 water nymphs
  A rust devil (Abyss:1)
  12 guardian serpents
  An ice statue (D:14)
  3 centaur zombies
  An apocalypse crab (Gauntlet)
  A black mamba (shapeshifter) (D:14)
  An eye of devastation (shapeshifter) (D:14)
  2 molten gargoyles (Lair:5)
  2 kobold demonologists (Abyss:2)
  11 cane toads
  3 yaktaurs
  A gargoyle (D:13)
  6 komodo dragons
  2 orange demons
  12 rime drakes
  7 wind drakes
  2 tengu conjurers (D:14)
  10 trolls
  5 blink frogs (Lair:6)
  33 merfolk
  12 saltlings (Desolation)
  5 polar bears
  A harpy skeleton (D:14)
  A slime creature (shapeshifter) (D:14)
  5 slime creatures
  10 snapping turtles
  5 dream sheep
  A centaur simulacrum (D:14)
  3 shadows
  A redback (D:14)
  10 water elementals
  77 yaks
  3 wraiths
  9 wyverns
  13 basilisks
  9 vampire mosquitoes
  2 wargs (Orc:2)
  2 swamp worms (Snake:1)
  7 hell hounds (D:11)
  67 nagas
  An acid dragon (D:14)
  10 water moccasins
  2 swamp drakes (Snake:1)
  8 ice beasts
  2 sky beasts
  41 orc warriors
  An eye of draining (D:11)
  2 necrophages
  A black bear (D:9)
  9 ogres
  4 phantoms
  15 wolves
  6 centaurs
  3 big kobolds
  21 bullfrogs
  A gnoll sergeant (D:13)
  A wyvern zombie (D:13)
  4 scorpions
  8 killer bees (D:11)
  3 electric eels (D:14)
  20 wights
  6 howler monkeys
  A quasit (D:3)
  8 lava snakes
  4 bullfrog zombies
  3 hounds
  2 jellies
  4 bullfrog skeletons
  4 centaur skeletons
  11 orc priests
  6 hell rats (Lair:4)
  10 worker ants
  5 iguanas
  12 orc wizards
  A killer bee zombie (D:7)
  2 mummies (Ossuary)
  A hound skeleton (D:5)
  A worker ant zombie (D:11)
  A howler monkey zombie (D:9)
  8 gnolls
  15 adders
  A shadow imp (D:9)
  6 white imps
  An ufetubus (Abyss:1)
  3 adder skeletons
  4 worms
  2 dart slugs (D:1)
  6 leopard geckos
  45 orcs
  5 giant cockroaches
  11 goblins
  5 hobgoblins
  9 jackals
  5 quokkas
  3 ball pythons (Snake:3)
  12 bats
  5 frilled lizards
  2 hobgoblin zombies (Ossuary)
  32 kobolds
  2 kobold zombies (Ossuary)
  An orc zombie (Ossuary)
  A quokka skeleton (D:5)
  4 rats
  2 starspawn tentacles (Abyss:2)
1189 creatures vanquished.

Vanquished Creatures (collateral kills)
  A servant of whispers (Desolation)
  A saltling (Desolation)
2 creatures vanquished.

Vanquished Creatures (others)
  A merfolk impaler (Shoals:4)
  A peacekeeper (Desolation)
  A merfolk (Shoals:4)
  2 saltlings (Desolation)
  2 humans (Shoals:2)
  A lava snake (Lair:5)
  A kobold (D:12)
  30 fungi
  195 plants
  2 starspawn tentacles (Abyss:2)
236 creatures vanquished.

Grand Total: 1427 creatures vanquished

Notes
Turn   | Place    | Note
-------+----------+-------------------------------------------
     0 | Abyss:1  | heikuro the Formicid Abyssal Knight began the quest for the
                  | Orb.
     0 | Abyss:1  | Reached XP level 1. HP: 18/18 MP: 2/2
   103 | Abyss:1  | Noticed a wight
   106 | D:1      | Escaped the Abyss
   159 | D:1      | Reached skill level 1 in Dodging
   167 | D:1      | Reached XP level 2. HP: 8/24 MP: 3/3
   391 | D:1      | Reached * piety under Lugonu
   563 | D:1      | Reached XP level 3. HP: 29/29 MP: 4/4
  1197 | D:2      | Reached ** piety under Lugonu
  1274 | D:2      | Reached XP level 4. HP: 31/37 MP: 6/6
  1375 | D:2      | Reached skill level 3 in Polearms
  1810 | D:2      | Found a faded altar of an unknown god.
  1963 | D:3      | Found a white marble altar of Elyvilon.
  2021 | D:3      | Found a basalt altar of Yredelemnul.
  2060 | D:3      | Found a shadowy altar of Dithmenos.
  2196 | D:3      | Reached XP level 5. HP: 20/42 MP: 7/7
  2486 | D:3      | Reached XP level 6. HP: 46/48 MP: 8/8
  2963 | D:3      | Reached skill level 4 in Polearms
  3226 | D:3      | Reached skill level 1 in Slings
  3505 | D:4      | Reached *** piety under Lugonu
  3903 | D:4      | Noticed a phantom
  3939 | D:4      | Killed a phantom
  3939 | D:4      | Reached XP level 7. HP: 54/55 MP: 8/10
  3942 | D:4      | Got a colourful robe
  3953 | D:4      | Identified the +2 robe of the Hippo {MR++} (You found it on
                  | level 4 of the Dungeon)
  3986 | D:4      | Found a stormy altar of Qazlal.
  3986 | D:4      | Found a blossoming altar of Fedhas.
  4056 | D:5      | Entered Level 5 of the Dungeon
  4094 | D:5      | Reached skill level 1 in Shields
  4099 | D:5      | Found a sand-covered staircase.
  4109 | Ossuary  | Entered an ossuary
  4203 | D:5      | HP: 2/55 [poisoned by a scorpion]
  4210 | D:5      | HP: 2/55 [poisoned by a scorpion]
  4218 | D:5      | HP: 1/55 [poisoned by a scorpion]
  4567 | D:5      | Reached skill level 5 in Polearms
  4739 | D:5      | Found Qaony's Gadget Boutique.
  4793 | D:5      | Reached XP level 8. HP: 29/61 MP: 11/11
  4802 | D:5      | Reached skill level 5 in Fighting
  5300 | D:5      | You fall into a shaft and drop 3 floors!
  5391 | D:8      | Noticed a wyvern
  5421 | D:8      | Killed a wyvern
  5421 | D:8      | Reached skill level 5 in Invocations
  5995 | D:6      | Found an opulent altar of Gozag.
  6428 | D:5      | Found a shimmering altar of Xom.
  6428 | D:5      | Found a broken altar of Ashenzari.
  6575 | D:5      | Found a sacrificial altar of Ru.
  6577 | D:5      | Found a snail-covered altar of Cheibriados.
  6579 | D:5      | Found an ornate altar of the Wu Jian Council.
  6838 | D:6      | Found a glowing golden altar of the Shining One.
  7283 | D:7      | Reached skill level 6 in Polearms
  7286 | D:7      | Reached skill level 5 in Armour
  7589 | D:7      | Reached **** piety under Lugonu
  7804 | D:7      | Found a staircase to the Ecumenical Temple.
  7859 | D:7      | Reached XP level 9. HP: 65/69 MP: 13/13
  7901 | Temple   | Entered the Ecumenical Temple
  8900 | D:8      | Got a clouded granite ring
  9006 | D:8      | Identified the ring "Coyps" {+Fly Str+4} (You found it on
                  | level 8 of the Dungeon)
  9078 | D:8      | Noticed a two-headed ogre
  9110 | D:8      | Killed a two-headed ogre
  9110 | D:8      | Reached skill level 7 in Polearms
  9428 | D:9      | Noticed a guardian serpent
  9495 | D:9      | Reached XP level 10. HP: 69/77 MP: 14/14
  9536 | D:9      | Noticed a shining eye
  9539 | D:9      | Gained mutation: [Your body sometimes deteriorates upon
                  | taking damage.] [a shining eye]
  9541 | D:9      | Gained mutation: Scrolls take you a little longer to read.
                  | [a shining eye]
  9546 | D:9      | Killed a shining eye
  9546 | D:9      | Reached skill level 5 in Slings
  9555 | D:9      | Lost mutation: Scrolls take you a little longer to read.
                  | [potion of mutation]
  9555 | D:9      | Lost mutation: [Your body sometimes deteriorates upon
                  | taking damage.] [potion of mutation]
  9555 | D:9      | Gained mutation: Your mind is acute. (Int +2) [potion of
                  | mutation]
  9555 | D:9      | Gained mutation: You are agile. (Dex +2) [potion of
                  | mutation]
  9567 | D:9      | Found a glowing silver altar of Zin.
  9585 | D:9      | Reached skill level 8 in Polearms
  9681 | D:9      | Reached skill level 5 in Shields
 10225 | D:9      | Reached ***** piety under Lugonu
 10616 | D:9      | Found a staircase to the Orcish Mines.
 11103 | D:9      | Found a sacrificial altar of Ru.
 11105 | D:9      | Found a bloodstained altar of Trog.
 11105 | D:9      | Found a basalt altar of Yredelemnul.
 11107 | D:9      | Found a shimmering altar of Xom.
 11107 | D:9      | Found a radiant altar of Vehumet.
 11107 | D:9      | Found a burning altar of Makhleb.
 11163 | D:10     | Entered Level 10 of the Dungeon
 11505 | D:10     | Reached XP level 11. HP: 28/84 MP: 16/16
 11745 | D:10     | Noticed a two-headed ogre
 11753 | D:10     | Killed a two-headed ogre
 11753 | D:10     | Reached skill level 9 in Polearms
 11786 | D:10     | Noticed an unseen horror
 11799 | D:10     | Killed an unseen horror
 12662 | D:10     | Noticed an unseen horror
 12674 | D:10     | Killed an unseen horror
 12843 | D:11     | Noticed a four-headed hydra
 12890 | D:10     | Killed a four-headed hydra
 13230 | D:11     | Noticed a cyclops
 13443 | D:10     | Reached skill level 10 in Polearms
 13592 | D:11     | Killed a cyclops
 13634 | D:11     | Found Ifer's General Store.
 13770 | D:11     | Noticed an unseen horror
 13771 | D:11     | Noticed a brown ugly thing
 13775 | D:11     | Killed an unseen horror
 13783 | D:11     | Killed a brown ugly thing
 13783 | D:11     | Reached XP level 12. HP: 55/94 MP: 14/18
 14020 | D:11     | Found a staircase to the Lair.
 14290 | D:11     | Noticed a hell knight
 14302 | D:11     | Banished a hell knight
 14523 | D:11     | Noticed a hell knight
 14527 | D:11     | Noticed a hell knight
 14533 | D:11     | Killed a hell knight
 14535 | D:11     | Noticed a hell knight
 14773 | D:11     | Noticed a hell knight
 14902 | D:11     | Noticed a hell knight
 14930 | D:11     | Killed a hell knight
 15400 | D:11     | Found a shimmering blue altar of Sif Muna.
 16267 | D:12     | Noticed a two-headed ogre
 16299 | D:12     | Killed a two-headed ogre
 16299 | D:12     | Reached skill level 11 in Polearms
 16629 | D:12     | Noticed an unseen horror
 16644 | D:12     | Killed an unseen horror
 17610 | D:13     | Noticed a boulder beetle
 17639 | D:12     | Killed a boulder beetle
 17639 | D:12     | Reached XP level 13. HP: 16/101 MP: 18/20
 18201 | D:12     | Reached ****** piety under Lugonu
 18581 | D:13     | Reached skill level 10 in Invocations
 18840 | D:13     | Noticed Maurice
 18862 | D:13     | Killed Maurice
 19109 | D:14     | Noticed a boulder beetle
 19575 | D:13     | Killed a boulder beetle
 19782 | D:14     | Noticed a centaur warrior
 19806 | D:13     | Killed a centaur warrior
 19926 | D:14     | Reached skill level 12 in Polearms
 20259 | D:14     | Noticed a boulder beetle
 20290 | D:14     | Killed a boulder beetle
 20290 | D:14     | Reached skill level 10 in Fighting
 20414 | D:14     | Reached skill level 10 in Armour
 20432 | D:14     | Got a pair of faintly humming gloves
 20438 | D:14     | Identified the +2 pair of gloves "Damnable Contraption"
                  | {rN+ MR+ Int+5 Dex+4} (You found it on level 14 of the
                  | Dungeon)
 20814 | D:14     | Noticed an ice dragon
 21413 | D:14     | Reached XP level 14. HP: 86/111 MP: 22/22
 22192 | D:14     | Found a gate to the Vaults.
 22954 | Lair:1   | Entered Level 1 of the Lair of Beasts
 23223 | Lair:1   | Reached skill level 1 in Evocations
 23774 | Lair:1   | Reached skill level 13 in Polearms
 24341 | Lair:2   | Reached skill level 10 in Slings
 24342 | Lair:2   | Found a gate leading to a gauntlet.
 24351 | Gauntlet | Entered a Gauntlet
 24351 | Gauntlet | Found a transporter.
 24379 | Gauntlet | Found a transporter.
 24391 | Gauntlet | Found a transporter.
 24395 | Gauntlet | Found a transporter.
 24412 | Gauntlet | Found a transporter.
 24425 | Gauntlet | Found a transporter.
 24438 | Gauntlet | Found a transporter.
 24455 | Gauntlet | Found a transporter.
 24459 | Gauntlet | Found a transporter.
 24462 | Gauntlet | Noticed an entropy weaver
 24468 | Gauntlet | Found a transporter.
 24493 | Gauntlet | Found a transporter.
 24495 | Gauntlet | Found a transporter.
 25014 | Gauntlet | Got an ancient ruby amulet
 25015 | Gauntlet | Identified the amulet "Ojolostre" {Spirit MR+ Int-5 Dex+4
                  | Stlth+} (You found it in a Gauntlet)
 25038 | Gauntlet | Got a transparent iron ring
 25048 | Gauntlet | Identified the ring "Muujygak" {+Fly rN+ AC+4} (You found
                  | it in a Gauntlet)
 25169 | Gauntlet | Noticed a minotaur
 25179 | Gauntlet | Killed a minotaur
 25682 | Lair:2   | Found a staircase to the Shoals.
 26312 | Lair:3   | Found a shadowy altar of Dithmenos.
 27360 | Lair:4   | Noticed Nessos
 27589 | Lair:4   | Killed Nessos
 27622 | Lair:4   | Reached XP level 15. HP: 99/119 MP: 21/23
 28726 | Lair:4   | Found a staircase to the Snake Pit.
 28788 | Lair:4   | Noticed Sonja
 28792 | Lair:4   | Killed Sonja
 28965 | Lair:5   | Reached skill level 14 in Polearms
 29542 | Lair:5   | Found a staircase to the Slime Pits.
 29543 | Lair:5   | Found a viscous altar of Jiyva.
 29752 | Lair:5   | Reached skill level 5 in Evocations
 30118 | Lair:6   | Entered Level 6 of the Lair of Beasts
 31876 | Lair:6   | Reached XP level 16. HP: 101/127 MP: 20/25
 33095 | D:15     | Entered Level 15 of the Dungeon
 33114 | D:15     | Found a shimmering altar of Xom.
 33810 | D:15     | Found a staircase to the Depths.
 34315 | Orc:1    | Entered Level 1 of the Orcish Mines
 34358 | Orc:1    | Found a flagged portal.
 34366 | Bailey   | Entered a bailey
 34735 | Orc:1    | Reached skill level 15 in Polearms
 35210 | Orc:1    | Found an iron altar of Okawaru.
 35405 | Orc:2    | Entered Level 2 of the Orcish Mines
 35405 | Orc:2    | Found Delay's General Store.
 35781 | Orc:2    | Found Cugrab's Antique Armour Emporium.
 36289 | Orc:2    | Found a staircase to the Elven Halls.
 36338 | Orc:2    | Found Amnat's Antique Weapon Shoppe.
 36343 | Orc:2    | Noticed Rupert
 36371 | Orc:2    | Killed Rupert
 36558 | Orc:2    | Found Buelam's Book Shop.
 36779 | Orc:2    | Bought a translucent plate armour for 952 gold pieces
 36781 | Orc:2    | Identified the +10 plate armour of the Desolation of Salt
                  | {+Blink Str-4 SInv Stlth-} (You bought it in a shop on
                  | level 2 of the Orcish Mines)
 36934 | Snake:1  | Entered Level 1 of the Snake Pit
 37459 | Snake:1  | Reached XP level 17. HP: 72/135 MP: 18/27
 37983 | Snake:1  | Found a runed translucent door.
 37983 | Snake:1  | Found a shimmering altar of Xom.
 37983 | Snake:1  | Noticed mobtown's ghost (journeyman DENe)
 38000 | Snake:1  | Killed mobtown's ghost
 38643 | Snake:1  | Found a glowing golden altar of the Shining One.
 38651 | Snake:1  | You fall into a shaft and drop 1 floor!
 40059 | Snake:2  | Reached skill level 16 in Polearms
 41621 | Snake:3  | Reached XP level 18. HP: 121/143 MP: 18/28
 41834 | Snake:3  | Noticed Mara
 41859 | Snake:3  | Noticed heikuro's illusion
 41878 | Snake:2  | Killed Mara
 43291 | Snake:3  | Found a shimmering altar of Xom.
 43778 | Snake:4  | Entered Level 4 of the Snake Pit
 45127 | Snake:4  | Reached skill level 17 in Polearms
 45554 | Snake:4  | Reached XP level 19. HP: 148/151 MP: 28/30
 45829 | Snake:4  | Reached skill level 10 in Evocations
 46851 | Snake:4  | Identified the +2 pair of gloves "Utrouni" {rCorr Dex-2
                  | SInv Stlth+} (You found it on level 4 of the Snake Pit)
 46914 | Snake:4  | Got a serpentine rune of Zot
 46934 | Snake:4  | Reached skill level 10 in Shields
 47498 | Shoals:1 | Entered Level 1 of the Shoals
 47556 | Shoals:1 | You fall into a shaft and drop 1 floor!
 48056 | Shoals:1 | Found a runed translucent door.
 48061 | Shoals:1 | Noticed Zipteul's ghost (adept NaBe)
 48520 | Shoals:2 | Reached skill level 15 in Invocations
 49158 | Shoals:2 | Noticed Ilsuiw
 49224 | Shoals:1 | Found Puarafia's Antique Armour Shop.
 50067 | Shoals:2 | Got a pair of pitted boots
 50073 | Shoals:2 | Identified the +2 pair of boots of Negligence {Int+3 Dex+5}
                  | (You found it on level 2 of the Shoals)
 50255 | Shoals:2 | Killed Ilsuiw
 51231 | Shoals:2 | Found Afruv's Armour Emporium.
 51232 | Shoals:2 | Noticed Kirke
 51259 | Shoals:2 | Killed Kirke
 51860 | Shoals:2 | Noticed Polyphemus
 52070 | Shoals:2 | Killed Polyphemus
 52296 | Shoals:3 | Found a runed translucent gate.
 52296 | Shoals:3 | Found a runed translucent gate.
 52296 | Shoals:3 | Found a runed translucent gate.
 52297 | Shoals:3 | Found an opulent altar of Gozag.
 52301 | Shoals:3 | Found Ywkiv's Assorted Antiques.
 52302 | Shoals:3 | Noticed Woutahasch's ghost (journeyman HOFi)
 52308 | Shoals:3 | Found Fomavveci's Assorted Antiques.
 52468 | Shoals:3 | Reached XP level 20. HP: 160/160 MP: 31/31
 52675 | Shoals:3 | Found a runed translucent door.
 52687 | Shoals:3 | Found Ikhuynk's Jewellery Boutique.
 52736 | Shoals:3 | Bought the amulet "Tautheo" {Acrobat MP+9 Int+3 Slay+2} for
                  | 1270 gold pieces
 52736 | Shoals:3 | Bought an uncursed amulet of reflection for 540 gold pieces
 53101 | Shoals:4 | Entered Level 4 of the Shoals
 54050 | Shoals:4 | Reached skill level 18 in Polearms
 54079 | Shoals:4 | Got a barnacled rune of Zot
 55209 | Shoals:3 | HP: 8/160 [merfolk aquamancer/shard of ice (14)]
 56616 | Shoals:3 | Identified a +2 demon trident of distortion (a +0 demon
                  | trident of venom corrupted by Lugonu)
 56616 | Shoals:3 | Received a gift from Lugonu
 58068 | Depths:1 | Entered Level 1 of the Depths
 58068 | Depths:1 | Found a gateway to Hell.
 58680 | Elf:1    | Entered Level 1 of the Elven Halls
 58740 | Elf:1    | Found a ruined gateway.
 58749 | Desolati | Entered the Desolation of Salt
 58979 | Desolati | HP: 3/161 [servant of whispers/bolt of lightning (27)]
 59662 | Desolati | Escaped the Abyss
 59691 | Abyss:1  | HP: 7/161 [starcursed mass/accursed screaming (6)]
 59696 | Abyss:1  | Found a corrupted altar of Lugonu.
 59730 | Abyss:1  | Killed from afar by a starcursed mass

Illustrated notes

Levels and vault maps discovered:
D:1:      dpeg_arrival_shelter, layout_basic, serial_glass, glass_columns_b,
          glass_columns_a, glass_columns_b, glass_columns_a
D:2:      layout_rooms, chequers_ecumenical_altar_simple_redux
D:3:      layout_basic, kennysheep_ying_yang, nicolae_dithmenos_shadow_blocks
D:4:      layout_rooms, grunt_temple_overflow_forces_of_nature
D:5:      layout_loops_ring, chequers_temple_overflow_minitemple, serial_shops,
          kennysheep_mini, nicolae_ossuary_entry_monument
D:6:      layout_cave_pools, grunt_gozag_breadcrumbs, tso_altar
D:7:      layout_loops_cross, minmay_temple_entry_slanted, minivault_5,
          eino_tiny_chamber
D:8:      layout_gridville
D:9:      layout_loops_ring, zin_statuary, orc_0_dummy, doesnt_xom_only_xom
D:10:     layout_loops_ring, minivault_26
D:11:     layout_cave_pools, lair_entry_dummy, serial_shops, shop_statue,
          basic_altar, minmay_rotating_lava
D:12:     layout_loops_ring
D:13:     layout_rooms, uniq_maurice
D:14:     minmay_dotted_concentric_squares, layout_basic, david_vaults_2,
          minivault_4, hex_intersection, ice2_lemuel
D:15:     hangedman_depths_entry_civil_slaughter, layout_basic, basic_altar,
          minmay_misc_feat_chi
Temple:   zaba_magenta_temple
Lair:1:   layout_cellular_growth, serial_rivers, chequers_serial_rivers_small_3,
          chequers_serial_rivers_small_a, chequers_serial_rivers_marsh,
          chequers_serial_rivers_small_3, patterned_corridor,
          grunt_megastairs_4, serial_bayou_shore_b
Lair:2:   layout_loops_ring, minmay_shoals_entry_hut, gauntlet_entry_generic
Lair:3:   layout_gridlike, basic_altar, lemuel_fruit_tree,
          infiniplex_staircase_pool
Lair:4:   layout_gridlike, minmay_snake_entry_guardpost_small, special_room
          [special_room_mythical_zoo], grunt_megastairs_3, uniq_sonja,
          uniq_nessos
Lair:5:   cheibrodos_magma_flow, layout_long_grid, slime_altar_1,
          grunt_megastairs_2
Lair:6:   evilmike_catoblepas_cave, layout_regular_city
Shoals:1: layout_shoals, serial_shops, nicolae_shop_stone,
          ebering_ghost_reflecting_pool, ldierk_geyser
Shoals:2: layout_shoals, serial_shops, shop, nicolae_shoals_seven_spires,
          uniq_kirke, uniq_ilsuiw, uniq_polyphemus
Shoals:3: layout_shoals, serial_shops, shop, ebering_ghost_gozag,
          lightli_airlock
Shoals:4: shoals_end_grunt_garden, layout_shoals, nicolae_shoals_water_shrine
Snake:1:  onia_ninara_swampy_vault, layout_cave_shapes, ebering_ghost_xom,
          basic_altar, minmay_snake_pond
Snake:2:  layout_basic
Snake:3:  layout_onion_interference, basic_altar, st_stairs_8,
          nicolae_snake_lava_pool, uniq_mara
Snake:4:  snake_pit, layout_cave_town
Orc:1:    nicolae_orc_accident_1, layout_caves, enter_bailey_3,
          okawaru_metal_pillars_1_2
Orc:2:    grunt_orc_gardens, layout_caves, grunt_orc_garden, grunt_orc_garden,
          grunt_orc_garden, grunt_orc_garden, uniq_rupert
Elf:1:    layout_loops_corners, portal_desolation_entry_nicolae_slug,
          serial_shops, nicolae_shop_temple_entry_statues_fountains,
          minmay_elf_demonology
Depths:1: layout_cave_shapes, hell_entry, gammafunk_ghost_ooze,
          hangedman_abyss_or_decor_passed, hangedman_decor_points,
          kennysheep_doodads, grunt_ministairs_10, st_stairs_3,
          lightli_gold_pyramid
Abyss:1:  base: Depths:3, base: Orc:1, minivault_19
Desolation

Skill      XL: |  1  2  3  4  5  6  7  8  9 10 11 12 13 14 15 16 17 18 19 20 |
---------------+-------------------------------------------------------------+-----
Dodging        | 1 |  1.0
Polearms       | 3 4 5 6 7 8 10 11 12 13 14 15 16 17 18 | 18.4
Invocations    | 3 4 5 6 7 8 9 10 11 12 13 14 15 | 15.9
Armour         | 3 4 5 6 7 8 9 10 11 12 13 14 | 14.9
Fighting       | 4 5 6 7 8 9 10 11 12 13 14 | 14.9
Slings         | 1 2 3 4 5 7 8 9 10 11 12 13 14 | 14.0
Shields        | 1 2 4 5 7 8 9 10 11 | 11.7
Evocations     | 3 5 7 8 9 10 11 | 11.6

Action                   |  1- 3 |  4- 6 |  7- 9 | 10-12 | 13-15 | 16-18 | 19-21 || total
-------------------------+-------+-------+-------+-------+-------+-------+-------++-------
Melee: Spear             |   106 |   224 |   191 |     4 |   196 |       |       ||   721
       Halberd           |       |       |   116 |   696 |   494 |       |       ||  1306
       Glaive            |       |       |       |       |   634 |  1384 |  1181 ||  3199
       Demon trident     |       |       |       |       |       |       |     8 ||     8
 Fire: Fustibalus        |       |       |   104 |    99 |    62 |   240 |   129 ||   634
Throw: Dart              |       |     2 |     1 |    14 |    29 |       |     1 ||    47
       Throwing net      |       |       |       |       |     2 |       |       ||     2
Invok: Depart the Abyss  |     1 |       |       |       |       |       |     1 ||     2
       Bend Space        |       |       |    24 |    21 |    16 |     6 |    15 ||    82
       Banish            |       |       |       |     1 |       |       |       ||     1
       Enter the Abyss   |       |       |       |       |       |       |     2 ||     2
       Brand Weapon With |       |       |       |       |       |       |     1 ||     1
 Abil: Dig               |       |       |     1 |     3 |     8 |    24 |     7 ||    43
       Evoke Flight      |       |       |       |     2 |     1 |     4 |     2 ||     9
Evoke: Wand              |       |       |     4 |       |    10 |       |    17 ||    31
       Box of beasts     |       |       |       |       |       |       |     3 ||     3
       Lightning rod     |       |       |       |       |       |       |     1 ||     1
  Use: Scroll            |       |     4 |     7 |     5 |    14 |     5 |    10 ||    45
       Potion            |       |       |       |     1 |     1 |     1 |     8 ||    11
 Stab: Sleeping          |       |       |     1 |       |     3 |     3 |       ||     7
       Petrifying        |       |       |       |       |       |       |     2 ||     2
       Petrified         |       |       |       |       |       |       |     1 ||     1
Armor: Leather armour    |    34 |     1 |       |       |       |       |       ||    35
       Scale mail        |       |    66 |    65 |    44 |       |       |       ||   175
       Robe              |       |       |    41 |       |       |       |       ||    41
       Chain mail        |       |       |       |   148 |     8 |       |       ||   156
       Plate armour      |       |       |       |       |   352 |   660 |   762 ||  1774
       Ring mail         |       |       |       |       |   142 |    42 |       ||   184
Dodge: Dodged            |    69 |    86 |   116 |   129 |   265 |   252 |   259 ||  1176
Block: Buckler           |       |     1 |    28 |       |       |       |       ||    29
       Kite shield       |       |       |    45 |   348 |   741 |   692 |       ||  1826
       Tower shield      |       |       |       |       |       |   204 |  1343 ||  1547
       Reflection        |       |       |       |       |       |       |    51 ||    51

Table legend: (Time is in decaauts)
 A = Elapsed time spent in this place.
 B = Non-inter-level travel time spent in this place.
 C = Inter-level travel time spent in this place.
 D = Time resting spent in this place.
 E = Time spent auto-exploring this place.
 F = Levels seen in this place.
 G = Mean time per level.
                   A        B        C        D        E       F      G
               +--------+--------+--------+--------+--------+-----+--------+
         Total |  59629 |  56891 |   2738 |  25324 |  17568 |  42 | 1419.7 |
       Dungeon |  25327 |  23882 |   1445 |   9689 |   8698 |  15 | 1688.5 |
        Temple |     76 |     57 |     19 |      0 |     57 |   1 |   76.0 |
          Lair |   8859 |   8219 |    640 |   2662 |   3709 |   6 | 1476.5 |
        Shoals |  10601 |  10305 |    296 |   6280 |   1540 |   4 | 2650.2 |
     Snake Pit |  10103 |   9968 |    135 |   4929 |   2422 |   4 | 2525.8 |
  Orcish Mines |   2191 |   1990 |    201 |    644 |    717 |   2 | 1095.5 |
   Elven Halls |     65 |     65 |      0 |      0 |      0 |   1 |   65.0 |
        Depths |     18 |     18 |      0 |      0 |      0 |   1 |   18.0 |
         Abyss |    808 |    808 |      0 |    506 |     87 |   4 |  202.0 |
       Ossuary |     69 |     69 |      0 |     32 |      0 |   1 |   69.0 |
        Bailey |    352 |    352 |      0 |     59 |    120 |   1 |  352.0 |
    Desolation |    252 |    252 |      0 |     68 |      0 |   1 |  252.0 |
      Gauntlet |    902 |    902 |      0 |    452 |    217 |   1 |  902.0 |
               +--------+--------+--------+--------+--------+-----+--------+

Top non-repeatable levels by time:
Shoals:3: 5306 daAuts
 Snake:4: 2892 daAuts
 Snake:2: 2776 daAuts
    D:11: 2711 daAuts
    D:14: 2605 daAuts
    D:12: 2506 daAuts
 Snake:1: 2500 daAuts
    D:13: 2371 daAuts
Shoals:1: 2294 daAuts
     D:9: 2210 daAuts
    D:10: 2061 daAuts
  Lair:6: 2048 daAuts
Shoals:2: 1985 daAuts
 Snake:3: 1933 daAuts
     D:5: 1912 daAuts
